 Seeded DCSS version 0.30-a0-830-gfe289a77b0 (webtiles) character file.

Game seed: 10962520627805071627 (custom seed)

4 demibob the Trooper (level 1, 20/20 HPs)
             Began as a Minotaur Fighter on Feb 28, 2023.
             Quit the game on level 1 of the Dungeon.
             The game lasted 00:00:41 (64 turns).

demibob the Trooper (Minotaur Fighter)                Turns: 64, Time: 00:00:41

Health: 20/20      AC:  6    Str: 20    XL:     1   Next: 58%
Magic:  0/0        EV:  9    Int:  5    God:
Gold:   3          SH:  4    Dex:  9    Spells: 0/0 levels left

rFire   . . .      SeeInvis .    a - +0 long sword
rCold   . . .      Faith    .    c - +0 buckler
rNeg    . . .      Spirit   .    b - +0 scale mail
rPois   .          Reflect  .    (helmet restricted)
rElec   .          Harm     .    (no cloak)
rCorr   .          Rampage  .    (no gloves)
Will    .....                    (no boots) Stlth
                                 (no amulet)
HPRegen 0.23/turn                (no ring)
MPRegen 0.07/turn                (no ring)

@: no status effects
A: horns 2, retaliatory headbutt
a: no special abilities


You were on level 1 of the Dungeon.
You visited 1 branch of the dungeon, and saw 1 of its levels.

You collected 3 gold pieces.


Innate Abilities, Weirdness & Mutations

You have a pair of horns on your head.
You reflexively headbutt those who attack you in melee.


   Skills:
 + Level 4.1 Fighting
 - Level 2.4 Long Blades
 - Level 3.6 Armour
 - Level 3.6 Shields


You couldn't memorise any spells.
You didn't know any spells.
Your spell library was empty.

Inventory:

Hand Weapons
 a - a +0 long sword (weapon)
Armour
 b - a +0 scale mail (worn)
 c - a +0 buckler (worn)
Jewellery
 f - an amulet of faith {!P}
Scrolls
 e - a scroll of identify {unknown}
 g - a scroll of acquirement
Potions
 d - a potion of might

Dungeon Overview and Level Annotations

Branches:
Dungeon (1/15)

Altars:

. .. ############ .##
#.#.@...........
#...#######.....
##..######..........>..
................)......
#############)######...
#######.#####
............#
............#
####+#####..# #


There were no monsters in sight!


Message History

No target in view!
Found 3 gold pieces.
You now have 3 gold pieces.
A kobold comes into view. It is wielding a +0 dagger.
The kobold shouts!
The kobold moves out of view.
The kobold closely misses you. You furiously retaliate!
You headbutt the kobold!
You kill the kobold!
A hobgoblin comes into view.
Found a triangular peridot amulet.
Found a stone staircase leading down.
The hobgoblin shouts!
You hear a shout!
You see here a +0 dagger.
You hit the hobgoblin. You headbutt the hobgoblin.
You kill the hobgoblin!
A kobold comes into view. It is wielding a +0 whip.
The kobold throws a stone.
The stone closely misses you.
You closely miss the kobold. The kobold hits you with a +0 whip.
The kobold barely misses you.
You hit the kobold.
You kill the kobold!
Your Fighting skill increases to level 4!
No target in view!
Found 3 scrolls labelled ENYORH ZOPN.
f - an amulet of faith {!P}
g - 3 scrolls labelled ENYORH ZOPN This is a scroll of acquirement!
Something appears at your feet! Something appears at your feet!
Are you sure you want to abandon this character and quit the game? (Confirm with "yes".)

Skill      XL: |  1 |
---------------+----+-----
Fighting       | 4 |  4.1
Long Blades    | |  2.4
Armour         | |  3.6
Shields        | |  3.6

Action                     || total
---------------------------++-------
  Melee: Long sword        ||     4
         Headbutt          ||     1
    Use: Scroll            ||     2
 Armour: Scale mail        ||     1
  Dodge: Dodged            ||     3

Levels and vault maps discovered:
D:1:      lemuel_arrival_room, layout_basic, serial_aquarium,
          aquarium_bridge_square [aquarium_subvault_bridge,
          aquarium_subvault_window, aquarium_subvault_window,
          aquarium_subvault_bridge], aquarium_window_1, aquarium_window_3,
          aquarium_window_double, aquarium_view_2f, aquarium_view_2d,
          aquarium_balcony_3b

Notes
Turn   | Place    | Note
-------+----------+-------------------------------------------
     0 | D:1      | demibob the Minotaur Fighter began the quest for the Orb.
     0 | D:1      | Reached XP level 1. HP: 19/19 MP: 0/0
    47 | D:1      | Reached skill level 4 in Fighting
    62 | D:1      | Identified 3 scrolls of acquirement
    62 | D:1      | Acquired the +3 warlock's mirror {omnireflect}
    62 | D:1      | Found the +3 warlock's mirror {omnireflect}
    63 | D:1      | Acquired 320 gold pieces
    64 | D:1      | Quit the game

Vanquished Creatures
  A bat (D:1)
  A hobgoblin (D:1)
  2 kobolds (D:1)
4 creatures vanquished.

Table legend: (Time is in decaauts)
 A = Elapsed time spent in this place.
 B = Non-inter-level travel time spent in this place.
 C = Inter-level travel time spent in this place.
 D = Time resting spent in this place.
 E = Time spent auto-exploring this place.
 F = Levels seen in this place.
 G = Mean time per level.
                   A        B        C        D        E       F      G
               +--------+--------+--------+--------+--------+-----+--------+
         Total |     65 |     65 |      0 |      0 |      9 |   1 |   65.0 |
       Dungeon |     65 |     65 |      0 |      0 |      9 |   1 |   65.0 |
               +--------+--------+--------+--------+--------+-----+--------+

Top non-repeatable levels by time:
     D:1: 65 daAuts

Table legend:
 A = Non-vault XP
 B = Vault XP
 C = Vault XP percentage of total XP
 D = Non-vault monster count
 E = Vault monster count
 F = Vault count percentage of total count
                 A         B        C        D         E       F
            +---------+---------+-------+---------+---------+-------
      Total |       7 |       0 |   0.0 |       4 |       0 |   0.0
            +---------+---------+-------+---------+---------+-------
        D:1 |       7 |       0 |   0.0 |       4 |       0 |   0.0
            +---------+---------+-------+---------+---------+-------
